 Dungeon Crawl Stone Soup version 0.27.0-1-g7a089689b8 (webtiles) character file.

Game seed: 10185829124456048348

1439 seveneves the Shield-Bearer (level 8, -2/62 HPs)
             Began as a Minotaur Fighter on Aug 3, 2021.
             Was an Elder of Hepliaklqana.
             Slain by an orc warrior (4 damage)
             ... on level 7 of the Dungeon.
             The game lasted 00:17:10 (4425 turns).

seveneves the Shield-Bearer (Minotaur Fighter)      Turns: 4425, Time: 00:17:11

Health: -2/62      AC: 10    Str: 23    XL:     8   Next: 45%
Magic:  7/7        EV:  9    Int:  5    God:    Hepliaklqana [****..]
Gold:   293        SH: 12    Dex: 10    Spells: 7/7 levels left

rFire    . . .     SeeInvis .   a - +0 long sword
rCold    . . .     Faith    +   c - +1 kite shield
rNeg     . . .     Spirit   .   b - +0 scale mail
rPois    .         Reflect  .   (helmet restricted)
rElec    .         Harm     .   (no cloak)
rCorr    +         Rampage  +   (no gloves)
Will     +....                  q - +1 pair of boots {rampage}
Stlth    ..........             f - amulet of faith
HPRegen  0.20/turn              l - ring of willpower
MPRegen  0.10/turn              h - ring of resist corrosion

@: lethally poisoned (-2 -> -8)
A: reduced essence, horns 2, retaliatory headbutt
a: Renounce Religion, Ancestor Life: Knight, Ancestor Life: Battlemage, Ancestor
Life: Hexer, Recall Ancestor, Ancestor Identity, Transference, Idealise


You were on level 7 of the Dungeon.
You worshipped Hepliaklqana.
Hepliaklqana was greatly pleased with you.
You visited 1 branch of the dungeon, and saw 7 of its levels.

You collected 293 gold pieces.

Inventory:

Hand Weapons
 a - a +0 long sword (weapon)
 j - a +0 mace of protection
Armour
 b - a +0 scale mail (worn)
 c - a +1 kite shield (worn)
 q - a +1 pair of boots of rampaging (worn)
Jewellery
 f - an amulet of faith (around neck)
 h - a ring of resist corrosion (right hand)
 l - a ring of willpower (left hand)
Wands
 k - a wand of digging (5)
Scrolls
 e - a scroll of immolation {unknown}
 g - 2 scrolls of teleportation
 i - 2 scrolls of amnesia
 m - 3 scrolls of silence
 n - 3 scrolls of identify
 t - a scroll of acquirement {unknown}
Potions
 d - a potion of curing
 o - a potion of resistance {unknown}
 p - 2 potions of haste {unknown}
 r - a potion of heal wounds
 s - a potion of might


   Skills:
 + Level 5.6 Fighting
 + Level 7.3 Long Blades
 + Level 6.5 Armour
 + Level 3.3 Dodging
 + Level 1.3 Stealth
 + Level 7.3 Shields


You had 7 spell levels left.
You didn't know any spells.
Your spell library contained the following spells:

 Spells                   Type           Power      Damage    Failure   Level
 Sublimation of Blood     Necr           0%         N/A       99%         2
 Wereblood                Tmut           0%         N/A       99%         2
 Call Canine Familiar     Summ           0%         N/A       100%        3
 Gell's Gravitas          Tloc           0%         N/A       100%        3
 Lesser Beckoning         Tloc           0%         N/A       100%        3
 Ozocubu's Armour         Ice            0%         N/A       100%        3
 Portal Projectile        Hex/Tloc       0%         N/A       100%        3
 Teleport Other           Tloc           0%         N/A       100%        3
 Leda's Liquefaction      Hex/Erth       0%         N/A       100%        4
 Olgreb's Toxic Radiance  Pois           0%         N/A       100%        4
 Ozocubu's Refrigeration  Ice            0%         4d5       100%        7
 Summon Hydra             Summ           0%         N/A       100%        7
 Ignition                 Fire           0%         3d3       100%        8


Dungeon Overview and Level Annotations

Branches:
Dungeon (7/15)             Temple (0/1) D:6

Altars:
Hepliaklqana
Kikubaaqudgha

Annotations:
D:3 2 transporters, ratboy's ghost, amateur DrWr


Innate Abilities, Weirdness & Mutations

Your life essence is reduced to manifest your ancestor. (-10% HP)
You have a pair of horns on your head.
You reflexively headbutt those who attack you in melee.


Message History

You are more poisoned.
You completely miss the killer bee. Your headbutt misses the killer bee.
You feel very sick. You block the killer bee's attack.
The killer bee barely misses you.
The orc warrior hits you but does no damage.
Unknown command.
You hit the orc warrior but do no damage.
The orc warrior is severely wounded.
You feel sick. The killer bee closely misses you. You furiously retaliate!
You headbutt the killer bee!
You riposte.
You miss the killer bee.
The killer bee is almost dead.
You block the killer bee's attack.
The orc warrior hits you with a +2 short sword of venom.
You are more poisoned.
You block the killer bee's attack.
You closely miss the orc warrior.
The orc warrior is severely wounded.
You feel very sick. You block the killer bee's attack.
You block the orc warrior's attack.
A steam dragon comes into view.
The killer bee misses you.
You closely miss the orc warrior.
The orc warrior is severely wounded.
You feel very sick.
The steam dragon hisses angrily.
The killer bee stings you but does no damage.
You block the killer bee's attack. You block the orc warrior's attack.
You hit the orc warrior but do no damage.
The orc warrior is severely wounded.
You feel very sick. You block the killer bee's attack.
The killer bee barely misses you.
You riposte.
You miss the killer bee. Your headbutt misses the killer bee.
The killer bee is almost dead.
The steam dragon breathes steam at you. The ball of steam hits you!
* * * LOW HITPOINT WARNING * * *
You block the orc warrior's attack.
The killer bee stings you but does no damage.
The orc warrior hits you with a +2 short sword of venom.
You die...

....... #.
#...... #.#.
...D...
#[#.# .#.
..§.. #$#[#
... ....
#.#$# ..#
#§.#.#Z#
#..# #.§o#Z#
#...#
#@y#####..#
##........#
####.....<#.
#.......###
#.##....# #
#....#
#....#
#....#
#....#


You could see a steam dragon, an orc warrior, a killer bee, a centaur zombie and
a centaur skeleton.

Vanquished Creatures
  An ice beast (D:5)
  A necrophage (D:5)
  A phantom (D:5)
  A wyvern zombie (D:5)
  A bullfrog (D:6)
  3 scorpions
  A wyvern skeleton (D:5)
  A hound (D:4)
  A bullfrog zombie (D:6)
  A centaur zombie (D:6)
  A jelly (D:5)
  A centaur skeleton (D:5)
  4 orc wizards
  A scorpion zombie (D:5)
  A hound zombie (D:5)
  A hound skeleton (D:4)
  3 gnolls (D:2)
  A howler monkey skeleton (D:4)
  5 adders
  An ufetubus (D:4)
  A worm (D:5)
  A dart slug (D:1)
  8 orcs
  4 ball pythons
  11 endoplasms
  A giant cockroach (D:2)
  5 goblins
  7 hobgoblins
  14 jackals
  3 quokkas
  7 bats
  4 frilled lizards
  4 kobolds
  3 rats
104 creatures vanquished.

Vanquished Creatures (collateral kills)
  A centaur (D:4)
  A phantom (D:4)
  A centaur skeleton (D:6)
  A bullfrog zombie (D:5)
  A hound (D:5)
  Terence (D:2)
  An orc wizard (D:5)
  2 adders
  A dart slug (D:1)
  6 orcs
  An endoplasm (D:2)
  A goblin (D:3)
  A jackal (D:3)
  2 kobolds
  A ball python (D:4)
  A frilled lizard (D:3)
23 creatures vanquished.

Vanquished Creatures (others)
  3 ancestors
3 creatures vanquished.

Grand Total: 130 creatures vanquished

Notes
Turn   | Place    | Note
-------+----------+-------------------------------------------
     0 | D:1      | seveneves the Minotaur Fighter began the quest for the Orb.
     0 | D:1      | Reached XP level 1. HP: 19/19 MP: 0/0
    69 | D:1      | Found a faded altar of an unknown god.
    72 | D:1      | Became a worshipper of Hepliaklqana the Forgotten
    72 | D:1      | Reached * piety under Hepliaklqana
   102 | D:1      | Reached XP level 2. HP: 5/24 MP: 1/1
   775 | D:2      | Reached XP level 3. HP: 28/29 MP: 2/2
   782 | D:2      | Reached XP level 4. HP: 36/36 MP: 3/3
   971 | D:2      | Reached ** piety under Hepliaklqana
  1085 | D:2      | Noticed Terence
  1094 | D:2      | Killed Terence
  1103 | D:2      | Reached skill level 5 in Shields
  1314 | D:2      | Found an ancient bone altar of Kikubaaqudgha.
  1318 | D:2      | Reached XP level 5. HP: 40/41 MP: 4/4
  1879 | D:3      | Found a transporter.
  1880 | D:3      | Found a transporter.
  1881 | D:3      | Noticed ratboy's ghost (amateur DrWr)
  1882 | D:3      | Identified the +9 dire flail "Gesm" {protect, rPois rF+
                  | Dex+2}
  1882 | D:3      | Noticed an ogre
  2277 | D:4      | Reached skill level 5 in Armour
  2288 | D:4      | Reached XP level 6. HP: 21/47 MP: 5/5
  2313 | D:4      | Reached skill level 1 in Dodging
  2340 | D:4      | Reached skill level 5 in Long Blades
  2688 | D:4      | Reached *** piety under Hepliaklqana
  2836 | D:5      | Entered Level 5 of the Dungeon
  2999 | D:5      | Reached XP level 7. HP: 42/54 MP: 6/6
  3178 | D:5      | Reached skill level 5 in Fighting
  3243 | D:5      | Reached XP level 8. HP: 44/61 MP: 7/7
  3348 | D:5      | Reached skill level 1 in Stealth
  4005 | D:6      | Found a staircase to the Ecumenical Temple.
  4150 | D:6      | Reached **** piety under Hepliaklqana
  4425 | D:7      | HP: 2/62 [something/ball of steam (12)]
  4425 | D:7      | Slain by an orc warrior

Illustrated notes

Levels and vault maps discovered:
D:1:      matt_arrival_diagonals, layout_basic,
          shapermc_ecumenical_altar_mp_vishouse, serial_bayou_lagoon_b
D:2:      layout_loops_ring, basic_altar, minivault_5, serial_park_tiny_pond,
          uniq_terence
D:3:      layout_rooms, gammafunk_ghost_smash
D:4:      layout_rooms, kennysheep_donut
D:5:      black_bear_nest_1, layout_basic
D:6:      layout_basic, minmay_temple_entry_glassed_door
D:7:      minmay_evil_eye, layout_basic, kennysheep_mini_moat, minmay_circle_x

Skill      XL: |  1  2  3  4  5  6  7  8 |
---------------+-------------------------+-----
Fighting       | 4 5 |  5.6
Armour         | 4 5 6 |  6.5
Shields        | 4 5 6 7 |  7.3
Long Blades    | 3 4 5 6 7 |  7.3
Dodging        | 1 2 3 |  3.3
Stealth        | 1 |  1.3

Action                   |  1- 3 |  4- 6 |  7- 9 || total
-------------------------+-------+-------+-------++-------
Melee: Long sword        |    41 |   155 |   112 ||   308
       Headbutt          |     9 |    23 |    26 ||    58
  Use: Potion            |     2 |     3 |     2 ||     7
       Scroll            |     1 |     5 |     2 ||     8
 Stab: Invisible         |       |     1 |       ||     1
       Distracted        |       |       |     1 ||     1
Armor: Scale mail        |    16 |    88 |    51 ||   155
Dodge: Dodged            |    16 |    56 |    38 ||   110
Block: Kite shield       |    21 |    89 |    80 ||   190
       Rpst.: Long sword |     3 |     8 |    14 ||    25
